 Dungeon Crawl Stone Soup version 0.29.0-11-gd7f09526c8 (webtiles) character file.

Game seed: 343750455843365004

109 gelatine the Shooter (level 4, 0/36 HPs)
             Began as a Palentonga Hunter on Sept 2, 2022.
             Was a Believer of Makhleb.
             Slain by an orc warrior
             ... wielding a +0 war axe
              (15 damage)
             ... on level 4 of the Dungeon.
             The game lasted 00:06:19 (2771 turns).

gelatine the Shooter (Palentonga Hunter)            Turns: 2771, Time: 00:06:19

Health: 0/36       AC:  4    Str: 16    XL:     4   Next: 60%
Magic:  4/4        EV: 10    Int:  9    God:    Makhleb [**....]
Gold:   162        SH:  0    Dex: 16    Spells: 3/3 levels left

rFire   . . .      SeeInvis +   a - +0 shortbow
rCold   . . .      Faith    +   (shield currently unavailable)
rNeg    . . .      Spirit   .   q - +0 robe
rPois   +          Reflect  .   (no helmet)
rElec   .          Harm     .   (no cloak)
rCorr   .          Rampage  .   (no gloves)
Will    .....                   (no barding)
Stlth   ++........              k - amulet of faith
HPRegen 0.12/turn               o - ring of poison resistance
MPRegen 0.09/turn               (no ring)

@: no status effects
A: large, rugged brown scales 3, see invisible, deformed body, roll 1, armoured
tail
a: Rolling Charge, Renounce Religion, Minor Destruction


You were on level 4 of the Dungeon.
You worshipped Makhleb.
Makhleb was pleased with you.
You visited 1 branch of the dungeon, and saw 4 of its levels.

You collected 162 gold pieces.

Inventory:

Hand Weapons
 a - a +0 shortbow (weapon)
Armour
 c - a +0 leather armour
 q - a +0 robe (worn)
Jewellery
 h - a ring of fire
 k - an amulet of faith (around neck)
 o - a ring of poison resistance (left hand)
Scrolls
 b - a scroll of immolation
 f - a scroll of amnesia {unknown}
 g - a scroll of silence
 l - 2 scrolls of teleportation
 m - a scroll of fear
 p - a scroll of poison {unknown}
 r - a scroll of butterflies {unknown}
 s - a scroll of magic mapping {unknown}
Potions
 d - a potion of might {unknown}
 e - 2 potions of ambrosia {unknown}
 i - 3 potions of lignification {unknown}
 j - a potion of berserk rage {unknown}
 n - 2 potions of heal wounds {unknown}


   Skills:
 * Level 2.4 Fighting
 * Level 4.6 Ranged Weapons
 * Level 0.2 Armour
 * Level 1.7 Dodging
 + Level 0.6 Stealth
 * Level 0.5 Invocations


You had 3 spell levels left.
You didn't know any spells.
Your spell library was empty.

Dungeon Overview and Level Annotations

Branches:
Dungeon (4/15)
 Temple: D:4-7

Altars:
Hepliaklqana
Makhleb
Nemelex Xobeh
Zin

Shops:
D:1 (


Innate Abilities, Weirdness & Mutations

You are completely covered in rugged brown scales. (AC +3, +7% HP)
You have supernaturally acute eyesight. (SInv)
Armour fits poorly on your strangely shaped body.
You can roll at nearby foes to attack.
You have a long armoured tail.


Message History

You shoot an arrow. The arrow closely misses the adder.
The adder misses you. The adder bites you.
You shoot an arrow. The arrow hits the adder.
The adder is almost dead.
The adder barely misses you. x2
You shoot an arrow. The arrow closely misses the adder.
The adder bites you but does no damage.
An orc warrior comes into view. It is wielding a +0 war axe.
You shoot an arrow. The orc warrior shouts!
The arrow hits the adder.
You kill the adder!
Makhleb accepts your kill.
You feel better.
Things that are here:
a +0 dagger; a stone You shoot an arrow.
The arrow hits the orc warrior but does no damage.
You shoot an arrow.
The arrow closely misses the orc warrior.
You shoot an arrow.
The arrow hits the orc warrior but does no damage.
You shoot an arrow.
The arrow closely misses the orc warrior.
You shoot an arrow.
The arrow closely misses the orc warrior.
The orc warrior closely misses you. The orc warrior barely misses you.
You shoot an arrow.
The arrow barely misses the orc warrior.
The orc warrior hits you with a +0 war axe!
You shoot an arrow.
The arrow closely misses the orc warrior.
The orc warrior closely misses you.
You shoot an arrow.
The arrow hits the orc warrior but does no damage.
The orc warrior closely misses you.
You shoot an arrow.
The arrow hits the orc warrior but does no damage.
The orc warrior hits you with a +0 war axe! x2
You die...

######.... #........###
#........#. ........ .†...
###..# #..).#
###....##########
#......)...o@...#
###..###...######
#..##.##†.######
#####..##...##......#
......##.^_..##†.#########.
<....##.....^^##...........
....##..^......##..########
....#..^#####^..#.##
....##.'#.#.#'.##.#


You could see an orc warrior.

Vanquished Creatures
  Natasha (D:4)
  An adder (D:4)
  A worm (D:2)
  2 dart slugs
  2 orcs (D:3)
  4 ball pythons
  9 endoplasms
  4 giant cockroaches
  4 goblins
  9 hobgoblins
  4 jackals (D:3)
  5 bats
  4 frilled lizards (D:1)
  5 kobolds
  6 rats
61 creatures vanquished.

Notes
Turn   | Place    | Note
-------+----------+-------------------------------------------
     0 | D:1      | gelatine the Palentonga Hunter began the quest for the Orb.
     0 | D:1      | Reached XP level 1. HP: 17/17 MP: 1/1
   300 | D:1      | Reached XP level 2. HP: 23/23 MP: 2/2
   837 | D:1      | Found Naret's Antique Weapon Boutique.
   928 | D:1      | Found a faded altar of an unknown god.
   992 | D:1      | Reached skill level 4 in Ranged Weapons
  1194 | D:1      | Prayed at the altar of an unknown god.
  1194 | D:1      | Became a worshipper of Makhleb the Destroyer
  1194 | D:1      | Reached * piety under Makhleb
  1269 | D:2      | Reached XP level 3. HP: 28/28 MP: 3/3
  1631 | D:2      | Reached ** piety under Makhleb
  1952 | D:3      | Found a glowing silver altar of Zin.
  2194 | D:3      | Found a hazy altar of Hepliaklqana.
  2346 | D:3      | Reached XP level 4. HP: 36/36 MP: 4/4
  2665 | D:4      | Found a sparkling altar of Nemelex Xobeh.
  2686 | D:4      | Noticed Natasha
  2688 | D:4      | Killed Natasha
  2754 | D:4      | Noticed an orc warrior
  2771 | D:4      | Slain by an orc warrior

Illustrated notes

Levels and vault maps discovered:
D:1:      psy_arrival_fountain, layout_basic, serial_shops, shop,
          shapermc_ecumenical_altar_ellora, minmay_misc_feat_cross
D:2:      layout_rooms, minmay_bisected
D:3:      layout_basic, lemuel_doored_altar, mainiacjoe_overflow_alcove_1
D:4:      minmay_octagon_keep, layout_rooms, nemelex_spade_bored_becter,
          uniq_natasha

Skill      XL: |  1  2 |
---------------+-------+-----
Ranged Weapons | 4 |  4.6
Fighting       | |  2.4
Armour         | |  0.2
Dodging        | |  1.7
Stealth        | |  0.6
Invocations    | |  0.5

Action                   |  1- 3 |  4- 6 || total
-------------------------+-------+-------++-------
 Fire: Shortbow          |   144 |    39 ||   183
  Use: Scroll            |     3 |       ||     3
Armor: Leather armour    |    17 |       ||    17
       Robe              |     5 |     5 ||    10
Dodge: Dodged            |    30 |    13 ||    43
